 Dungeon Crawl Stone Soup version 0.25.0-9-g26727b657a (webtiles) character file.

Game seed: 4462566518648562308

17103 Peloso the Carver (level 12, -2/106 HPs)
             Began as a Minotaur Fighter on June 21, 2020.
             Was a High Priest of Okawaru.
             Slain by a komodo dragon (4 damage)
             ... on level 2 of the Lair of Beasts.
             The game lasted 00:29:00 (14390 turns).

Peloso the Carver (Minotaur Fighter)               Turns: 14390, Time: 00:29:00

Health: -2/106     AC: 15    Str: 24    XL:     12   Next: 15%
Magic:  12/12      EV: 13    Int:  9    God:    Okawaru [*****.]
Gold:   980        SH: 13    Dex: 19    Spells: 11/11 levels left

rFire    + . .     SeeInvis +   a - +4 falchion
rCold    + . .     Gourm    .   c - +0 buckler of Qokkum {MR+ Int+4}
rNeg     . . .     Faith    .   r - +1 scale mail of Rifoub {rF+ Int+4 Dex+4}
rPois    .         Spirit   .   (helmet restricted)
rElec    .         Reflect  +   D - +1 cloak {MR+}
rCorr    .         Harm     .   m - +2 pair of gloves
MR       ++...                  (no boots)
Stlth    +.........             z - amulet of reflection
HPRegen  0.27/turn              B - ring "Lijesch" {rC+ SInv}
MPRegen  0.13/turn              F - ring "Loaluis" {Int-4 Dex+3}

@: slowed, very slow
A: retaliatory headbutt, horns 2, deterioration 1
a: Heroism, Finesse, Renounce Religion


You were on level 2 of the Lair of Beasts.
You worshipped Okawaru.
Okawaru was extremely pleased with you.
You were not hungry.

You visited 3 branches of the dungeon, and saw 16 of its levels.
You also visited: Gauntlet.

You collected 980 gold pieces.

Inventory:

Hand Weapons
 a - a +4 falchion (weapon)
 b - a cursed -2 trident
 R - the +5 hand axe "Jomaewang" {freeze, rN+ Int+7 Dex-2, unknown}
   (You found it in a Gauntlet)

   It has been specially enchanted to freeze those struck by it, causing extra
   injury to most foes and up to half again as much damage against particularly
   susceptible opponents.
   It can also slow down cold-blooded creatures.
   It affects your intelligence (+7).
   It affects your dexterity (-2).
   It protects you from negative energy.
Missiles
 E - 68 bolts
Armour
 c - the +0 buckler of Qokkum (worn) {MR+ Int+4}
   (You found it on level 11 of the Dungeon)

   It affects your intelligence (+4).
   It affects your resistance to hostile enchantments.
 m - a +2 pair of gloves (worn)
 r - the +1 scale mail of Rifoub (worn) {rF+ Int+4 Dex+4}
   (Okawaru gifted it to you on level 11 of the Dungeon)

   It affects your intelligence (+4).
   It affects your dexterity (+4).
   It protects you from fire.
 C - a +0 plate armour
 D - a +1 cloak of magic resistance (worn)
Jewellery
 l - an uncursed ring of stealth
 n - an uncursed ring of positive energy
 y - an uncursed ring of ice
 z - an amulet of reflection (around neck)
 B - the ring "Lijesch" (left hand) {rC+ SInv}
   (You found it in a Gauntlet)

   [ring of see invisible]

   It protects you from cold.
   It lets you see invisible.
 F - the ring "Loaluis" (right hand) {Int-4 Dex+3}
   (You found it in a Gauntlet)

   [ring of intelligence]

   It affects your intelligence (-4).
   It affects your dexterity (+3).
 G - an uncursed amulet of faith {unknown}
 K - an uncursed ring of flight
 S - a cursed ring of teleportation {unknown}
Wands
 k - a wand of acid (10)
 H - a wand of flame (17)
 J - a wand of paralysis (11)
 L - a wand of enslavement (8)
 O - a wand of random effects (26)
 Q - a wand of iceblast (8)
Scrolls
 e - a scroll of identify
 g - 4 scrolls of enchant armour
 h - 3 scrolls of blinking
 i - a scroll of noise
 j - 5 scrolls of magic mapping
 o - 2 scrolls of enchant weapon {unknown}
 q - a scroll of amnesia
 t - 6 scrolls of teleportation
 v - 3 scrolls of fear
 w - 4 scrolls of remove curse
 N - a scroll of holy word
 P - 2 scrolls of brand weapon {unknown}
Potions
 d - 3 potions of might
 p - a potion of stabbing
 s - a potion of brilliance
 u - 5 potions of curing
 x - 4 potions of flight
 A - a potion of haste
 I - a potion of ambrosia
 M - 2 potions of magic
Comestibles
 f - 19 rations


   Skills:
 + Level 10.1 Fighting
 + Level 13.4 Long Blades
 + Level 10.6 Armour
 + Level 4.4 Dodging
 + Level 2.1 Stealth
 + Level 12.7 Shields
 + Level 1.9 Invocations


You had 11 spell levels left.
You didn't know any spells.
Your spell library contained the following spells:

 Spells                   Type           Power        Failure   Level  Hunger
 Magic Dart               Conj           #...         63%         1    ##.....
 Shock                    Conj/Air       #...         63%         1    ##.....
 Blink                    Tloc           N/A          77%         2    ###....
 Call Imp                 Summ           #.......     77%         2    ###....
 Searing Ray              Conj           #.....       77%         2    ###....
 Slow                     Hex            #.......     77%         2    ###....
 Swiftness                Chrm/Air       #.......     77%         2    ###....
 Conjure Flame            Conj/Fire      #.......     94%         3    ####...
 Dazzling Flash           Conj/Hex       #.....       94%         3    ####...
 Gell's Gravitas          Tloc           #.........   94%         3    ####...
 Lesser Beckoning         Tloc           #.........   94%         3    ####...
 Mephitic Cloud           Conj/Pois/Air  #.......     94%         3    ####...
 Static Discharge         Conj/Air       #.......     94%         3    ####...
 Airstrike                Air            #.........   100%        4    #####..
 Cause Fear               Hex            #.........   100%        4    #####..
 Fulminant Prism          Conj/Hex       #.........   100%        4    #####..
 Iskenderun's Mystic Bla  Conj/Tloc      #.......     100%        4    #####..
 Passage of Golubria      Tloc           N/A          100%        4    #####..
 Agony                    Necr           #.......     100%        5    ######.
 Excruciating Wounds      Chrm/Necr      #.........   100%        5    ######.
 Lightning Bolt           Conj/Air       #.........   100%        5    ######.
 Silence                  Hex/Air        #.........   100%        5    ######.
 Yara's Violent Unravell  Hex/Tmut       #.........   100%        5    ######.
 Discord                  Hex            #.........   100%        8    #######


Dungeon Overview and Level Annotations

Branches:
Dungeon (13/15)            Temple (1/1) D:5            Lair (2/6) D:11
 Spider (0/4) Lair:2          Orc (0/2) D:11        Gauntlet (visited)
  Swamp: Lair:2-4    Shoals: Lair:2-4    Vaults: D:13-14

Altars:
Ashenzari
Elyvilon
Gozag
Hepliaklqana
Kikubaaqudgha
Makhleb
Nemelex Xobeh
Okawaru
Qazlal
Sif Muna
Trog
Uskayaw
Wu Jian
Xom
Yredelemnul
Zin
The Shining One
Beogh

Annotations:
D:5 3 runed translucent doors, Askman's ghost, novice HOMo
D:11 1 runed translucent door, Motwaexy's ghost, journeyman OgWz
Lair:1 exclusion: 4 oklob plants


Innate Abilities, Weirdness & Mutations

You reflexively headbutt those who attack you in melee.
You have a pair of horns on your head.
Your body sometimes deteriorates upon taking damage.


Message History

You block the torpor snail's attack.
Unknown command.
You hit the torpor snail.
The torpor snail is lightly wounded.
The komodo dragon bites you but does no damage.
You block the torpor snail's attack.
Unknown command.
You hit the torpor snail.
The torpor snail is lightly wounded.
The komodo dragon bites you but does no damage.
You hit the komodo dragon.
The komodo dragon is lightly wounded.
The komodo dragon bites you but does no damage.
The torpor snail bites you!
* * * LOW HITPOINT WARNING * * *
Unknown command.
You slash the komodo dragon!
The komodo dragon is moderately wounded.
The komodo dragon bites you.
You die...

..##.### ####+.....#
#...# .......#
##.....#.... #..#
##.....#
#.....##...#
.......# #.........
.P..##.####....#.>.#
.........##....#...#
.....#<...+....##Y.#
.P....>.........wl#
.P...P..###.....@.#
...≈.≈.####.##+.#.#
.#.≈.≈####.###..###
#..≈.≈≈.#### #..#
.+≈≈≈≈.## ##.#
^.....≈# #.#
......≈≈# .+#
......+.# .
......#.+ .


You could see a death yak, a torpor snail and a komodo dragon.

Vanquished Creatures
  A minotaur (Gauntlet)
  A two-headed ogre (D:10)
  3 death yaks (D:11)
  Pikel (Temple)
  2 cyclopes (D:11)
  A cyclops (shapeshifter) (Gauntlet)
  An apocalypse crab (Gauntlet)
  A centaur zombie (D:10)
  Psyche (D:8)
  2 spiny frogs
  3 komodo dragons (Lair:1)
  A troll (D:10)
  4 hippogriffs
  A wraith (D:10)
  A basilisk (Lair:1)
  A neqoxec (Gauntlet)
  A hungry ghost (D:7)
  4 vampire mosquitoes (D:11)
  A chaos spawn (Gauntlet)
  Edmund (D:6)
  3 water moccasins
  5 orc warriors
  7 porcupines
  5 sky beasts
  3 ice beasts
  2 phantoms
  2 black bears
  5 crocodiles
  A centaur (D:9)
  A big kobold (shapeshifter) (Gauntlet)
  5 big kobolds
  2 wyvern zombies
  14 bullfrogs
  6 scorpions
  A water moccasin skeleton (D:6)
  6 killer bees (D:11)
  An electric eel (Lair:1)
  13 howler monkeys
  3 jellies
  A bullfrog zombie (D:7)
  4 crimson imps
  2 quasits
  A bullfrog skeleton (D:4)
  6 hounds
  11 orc wizards
  A gnoll shaman (D:8)
  13 orc priests
  2 centaur skeletons
  6 worker ants
  3 iguanas
  A hound skeleton (D:6)
  A worker ant zombie (D:11)
  4 gnolls (D:8)
  2 howler monkey skeletons
  10 adders
  A river rat (D:11)
  4 shadow imps
  An ooze (D:2)
  An adder zombie (D:8)
  2 worms
  3 dart slugs
  3 leopard geckos
  45 orcs
  3 giant cockroaches
  11 goblins
  6 hobgoblins
  5 jackals
  6 quokkas
  A ball python (D:4)
  8 bats
  5 frilled lizards
  A jackal zombie (D:5)
  25 kobolds
  A quokka zombie (D:7)
  6 rats
  A demonic plant (Gauntlet)
324 creatures vanquished.

Vanquished Creatures (others)
  A kobold (D:11)
  A plant (Lair:1)
2 creatures vanquished.

Grand Total: 326 creatures vanquished

Notes
Turn   | Place    | Note
-------+----------+-------------------------------------------
     0 | D:1      | Peloso the Minotaur Fighter began the quest for the Orb.
     0 | D:1      | Reached XP level 1. HP: 19/19 MP: 0/0
   329 | D:1      | Reached XP level 2. HP: 27/27 MP: 1/1
   830 | D:2      | Found a hazy altar of Hepliaklqana.
  1048 | D:2      | Reached XP level 3. HP: 33/33 MP: 2/2
  1516 | D:3      | Reached skill level 3 in Long Blades
  1689 | D:3      | Reached XP level 4. HP: 40/40 MP: 3/3
  1776 | D:3      | Reached skill level 1 in Dodging
  2078 | D:3      | Reached skill level 4 in Long Blades
  2078 | D:3      | Reached XP level 5. HP: 45/46 MP: 4/4
  2559 | D:4      | Noticed a sky beast
  2583 | D:4      | Killed a sky beast
  2583 | D:4      | Reached skill level 5 in Long Blades
  2635 | D:4      | Reached skill level 5 in Shields
  2635 | D:4      | Reached XP level 6. HP: 47/53 MP: 5/5
  2710 | D:4      | Found a glowing golden altar of the Shining One.
  2982 | D:4      | Found a stormy altar of Qazlal.
  2987 | D:4      | Found an opulent altar of Gozag.
  2993 | D:4      | Found a bloodstained altar of Trog.
  3107 | D:4      | Reached skill level 6 in Long Blades
  3331 | D:4      | Reached skill level 5 in Armour
  3331 | D:4      | Reached XP level 7. HP: 57/60 MP: 6/6
  3494 | D:5      | Entered Level 5 of the Dungeon
  3582 | D:5      | Found a staircase to the Ecumenical Temple.
  3594 | D:5      | Noticed Pikel
  3597 | Temple   | Entered the Ecumenical Temple
  3631 | Temple   | HP: 4/90 [Pikel/+0 whip of electrocution (13)]
  3632 | Temple   | Killed Pikel
  3632 | Temple   | Reached skill level 5 in Fighting
  3632 | Temple   | Reached skill level 7 in Long Blades
  3632 | Temple   | Reached XP level 8. HP: 4/68 MP: 7/7
  3982 | Temple   | Became a worshipper of Warmaster Okawaru
  4115 | D:5      | Found a runed translucent gate.
  4117 | D:5      | Found a runed translucent gate.
  4118 | D:5      | Found a runed translucent gate.
  4118 | D:5      | Noticed Askman's ghost (novice HOMo)
  4121 | D:5      | Found a roughly hewn altar of Beogh.
  4459 | D:5      | Reached skill level 8 in Long Blades
  4868 | D:6      | Noticed Edmund
  4883 | D:6      | Killed Edmund
  5152 | D:6      | Reached * piety under Okawaru
  5152 | D:6      | Reached skill level 9 in Long Blades
  6110 | D:6      | Reached XP level 9. HP: 72/75 MP: 8/8
  6517 | D:7      | Found an ancient bone altar of Kikubaaqudgha.
  6517 | D:7      | Found an ornate altar of the Wu Jian Council.
  6560 | D:7      | Found an ancient bone altar of Kikubaaqudgha.
  6626 | D:7      | Reached ** piety under Okawaru
  6860 | D:7      | Found a basalt altar of Yredelemnul.
  6908 | D:7      | Found a white marble altar of Elyvilon.
  7158 | D:8      | Noticed Psyche
  7165 | D:8      | Killed Psyche
  7165 | D:8      | Reached skill level 10 in Long Blades
  7295 | D:8      | Found a burning altar of Makhleb.
  7297 | D:8      | Noticed a blizzard demon
  7298 | D:8      | Found a glowing silver altar of Zin.
  7298 | D:8      | Noticed an angel
  7522 | D:8      | Reached XP level 10. HP: 86/86 MP: 9/9
  7589 | D:8      | Reached skill level 11 in Long Blades
  7633 | D:8      | Reached skill level 1 in Invocations
  7973 | D:9      | Reached *** piety under Okawaru
  8168 | D:9      | Reached skill level 10 in Shields
  8886 | D:10     | Entered Level 10 of the Dungeon
  8917 | D:10     | Reached skill level 1 in Stealth
  9517 | D:10     | Reached **** piety under Okawaru
  9890 | D:11     | Found a staircase to the Orcish Mines.
  9927 | D:11     | Noticed a cyclops
 10100 | D:11     | Killed a cyclops
 10159 | D:11     | Got a fine buckler
 10165 | D:11     | Identified the cursed +0 buckler of Qokkum {MR+ Int+4} (You
                  | found it on level 11 of the Dungeon)
 10181 | D:11     | Reached skill level 12 in Long Blades
 10188 | D:11     | Noticed a two-headed ogre
 10189 | D:11     | Reached XP level 11. HP: 46/95 MP: 8/10
 10488 | D:10     | Killed a two-headed ogre
 10875 | D:11     | Reached ***** piety under Okawaru
 10939 | D:11     | Noticed a death yak
 10941 | D:11     | Noticed a death yak
 10941 | D:11     | Noticed a death yak
 10963 | D:11     | Killed a death yak
 10977 | D:11     | Killed a death yak
 10977 | D:11     | Reached skill level 10 in Armour
 11005 | D:11     | Killed a death yak
 11005 | D:11     | Received a gift from Okawaru
 11346 | D:11     | Got a fine scale mail {god gift}
 11352 | D:11     | Identified the +1 scale mail of Rifoub {rF+ Int+4 Dex+4}
                  | (Okawaru gifted it to you on level 11 of the Dungeon)
 11434 | D:11     | Found a staircase to the Lair.
 11588 | D:11     | You fall into a shaft and drop 2 floors!
 11926 | D:11     | Found a runed translucent door.
 11927 | D:11     | Found a shimmering altar of Xom.
 11927 | D:11     | Noticed Motwaexy's ghost (journeyman OgWz)
 11928 | D:11     | Noticed a +0 scimitar of chaos
 12080 | Lair:1   | Entered Level 1 of the Lair of Beasts
 12680 | Lair:1   | Reached skill level 13 in Long Blades
 12897 | Lair:1   | Noticed an oklob plant
 12897 | Lair:1   | Noticed an oklob plant
 12898 | Lair:1   | Noticed an oklob plant
 12898 | Lair:1   | Noticed an oklob plant
 13075 | Lair:1   | Reached skill level 10 in Fighting
 13540 | Lair:2   | Found a gate leading to a gauntlet.
 13556 | Gauntlet | Entered a Gauntlet
 13556 | Gauntlet | Found a transporter.
 13559 | Gauntlet | Found a transporter.
 13561 | Gauntlet | Found a transporter.
 13579 | Gauntlet | Found a transporter.
 13580 | Gauntlet | Found a transporter.
 13581 | Gauntlet | Noticed a large abomination
 13581 | Gauntlet | Noticed a large abomination
 13595 | Gauntlet | Found a transporter.
 13607 | Gauntlet | Found a transporter.
 13614 | Gauntlet | Found a transporter.
 13633 | Gauntlet | Found a runed translucent door.
 13634 | Gauntlet | Found a transporter.
 13635 | Gauntlet | Found a runed translucent door.
 13638 | Gauntlet | Noticed a sea snake
 13638 | Gauntlet | a snapping turtle changed into a sea snake
 13639 | Gauntlet | Found a transporter.
 13639 | Gauntlet | Noticed a two-headed ogre
 13639 | Gauntlet | a sea snake changed into a two-headed ogre
 13640 | Gauntlet | Noticed a shock serpent
 13640 | Gauntlet | a two-headed ogre changed into a shock serpent
 13647 | Gauntlet | Noticed a glowing orange brain
 13647 | Gauntlet | a shock serpent changed into a glowing orange brain
 13648 | Gauntlet | Noticed a fire crab
 13648 | Gauntlet | a glowing orange brain changed into a fire crab
 13654 | Gauntlet | Noticed a shining eye
 13654 | Gauntlet | a water nymph changed into a shining eye
 13662 | Gauntlet | Found a transporter.
 13662 | Gauntlet | Found a transporter.
 13667 | Gauntlet | Noticed a death scarab
 13688 | Gauntlet | Noticed a death scarab
 13691 | Gauntlet | Found a transporter.
 13708 | Gauntlet | Found a transporter.
 13755 | Gauntlet | Gained mutation: Your body sometimes deteriorates upon
                  | taking damage. [a neqoxec]
 13767 | Gauntlet | Reached XP level 12. HP: 106/106 MP: 5/12
 13782 | Gauntlet | Got a heavily runed steel ring
 13784 | Gauntlet | Identified the cursed ring "Loaluis" {Int-4 Dex+3} (You
                  | found it in a Gauntlet)
 13930 | Gauntlet | Noticed an alligator
 13930 | Gauntlet | a slime creature changed into an alligator
 13934 | Gauntlet | Got a flickering silver ring
 13936 | Gauntlet | Identified the ring "Lijesch" {rC+ SInv} (You found it in a
                  | Gauntlet)
 13940 | Gauntlet | Noticed an entropy weaver
 13945 | Gauntlet | Identified the cursed +0 flail of Big Damage {vorpal, +Rage
                  | rF+ rC-}
 13945 | Gauntlet | Noticed a minotaur
 13957 | Gauntlet | Killed a minotaur
 13981 | Gauntlet | Identified the Disquisition on Orientation and Necromancy
 13985 | Gauntlet | Got a fine hand axe
 14110 | Lair:2   | Found a hole to the Spider Nest.
 14373 | Lair:2   | Noticed a death yak
 14389 | Lair:2   | HP: 2/106 [torpor snail (12)]
 14390 | Lair:2   | Slain by a komodo dragon

Illustrated notes

Levels and vault maps discovered:
D:1:      psy_arrival_fountain, layout_basic
D:2:      layout_loops_ring, nicolae_overflow_crystal_walls, first_ration
D:3:      layout_loops_cross, guppyfry_early_orc_mine
D:4:      layout_loops_ring, lemuel_doored_altar, grunt_temple_overflow_diamond
D:5:      layout_loops_ring, minmay_temple_entry_arrows,
          biasface_ghost_orc_armoury, uniq_pikel
D:6:      layout_layer_cave, uniq_edmund
D:7:      layout_loops_ring, kennysheep_mini_moat,
          nicolae_overflow_hidden_temple, gammafunk_temple_overflow_statue,
          basic_altar
D:8:      layout_basic, grunt_temple_overflow_order_and_chaos_2, uniq_psyche
D:9:      layout_basic
D:10:     layout_roguey
D:11:     layout_cave_pools, dpeg_lair_monsters, ebering_ghost_xom
D:12:     lemuel_bear_cage, layout_basic
D:13:     layout_gridville, david_vaults_1, uniq_azrael
Temple:   minmay_temple_curvy_loop
Lair:1:   layout_cave_pods, minmay_lair_oklob_chamber,
          infiniplex_staircase_pool_2, serial_bayou_shore_a
Lair:2:   layout_roguey, elwin_shoals_entry_rooms, spider_nest_entry_web_field,
          gauntlet_entry_generic, chequers_serial_rivers_micro_d,
          grunt_megastairs_4

Skill      XL: |  1  2  3  4  5  6  7  8  9 10 11 |
---------------+----------------------------------+-----
Shields        | 4 5 6 7 9 11 12 | 12.7
Fighting       | 4 5 7 8 10 | 10.1
Armour         | 4 5 7 8 9 10 | 10.6
Long Blades    | 3 4 5 6 7 9 10 12 13 | 13.4
Dodging        | 1 2 3 4 |  4.4
Invocations    | 1 |  1.9
Stealth        | 1 2 |  2.1

Action                   |  1- 3 |  4- 6 |  7- 9 | 10-12 || total
-------------------------+-------+-------+-------+-------++-------
Melee: Long sword        |    98 |   118 |   372 |    96 ||   684
       Headbutt          |    13 |    27 |    82 |   188 ||   310
       Falchion          |       |       |       |   622 ||   622
Invok: Heroism           |       |       |     2 |     9 ||    11
       Finesse           |       |       |       |     1 ||     1
  Use: Scroll            |     3 |     4 |       |    12 ||    19
       Potion            |     2 |       |     1 |     3 ||     6
  Eat: Chunk             |     3 |     5 |     8 |    19 ||    35
       Ration            |       |       |     2 |     1 ||     3
Armor: Scale mail        |    49 |    29 |       |    36 ||   114
       Chain mail        |       |     8 |   126 |   125 ||   259
Dodge: Dodged            |    30 |    35 |    96 |   156 ||   317
Block: Kite shield       |    69 |    85 |   311 |   270 ||   735
       Reflection        |       |       |     3 |    16 ||    19
       Buckler           |       |       |       |   195 ||   195
       Rpst.: Long sword |     8 |    12 |    25 |     2 ||    47
       Falchion          |       |       |       |    37 ||    37
